 Dungeon Crawl Stone Soup version 0.30-a0-930-gb9d0489357 (webtiles) character file.

Game seed: 8382793386308789536

168487 theswoord the Warrior (level 17, -1/155 HPs)
             Began as a Demonspawn Gladiator on Mar 22, 2023.
             Was an Initiate of Gozag.
             Shot with an arrow by a naga sharpshooter (20 damage)
             ... on level 3 of the Snake Pit on Mar 23, 2023.
             The game lasted 01:08:28 (28570 turns).

theswoord the Warrior (Demonspawn Gladiator)       Turns: 28570, Time: 01:08:29

Health: -1/155     AC: 41    Str: 20    XL:     17   Next: 33%
Magic:  17/17      EV:  5    Int: 12    God:    Gozag
Gold:   2835       SH:  0    Dex: 15    Spells: 16/16 levels left

rFire   + . .      SeeInvis +    W - +6 halberd (protect)
rCold   . . .      Faith    .    (shield currently unavailable)
rNeg    . . .      Spirit   .    x - +0 plate armour
rPois   +          Reflect  .    c - +0 helmet
rElec   .          Rampage  .    z - +1 cloak
rCorr   .          NoTele   +    f - +2 pair of gloves
Will    +....                    (boots unavailable) Stlth
                                 m - amulet of regeneration
HPRegen 1.25/turn                d - ring of Ablocrus {rPois rF+ SInv}
MPRegen 0.15/turn                e - +4 ring of slaying

@: lethally poisoned (-1 -> -12), untranslocatable, sanguine armoured, under a
protective aura, constricted, studying 2 skills, invisible
A: hooves 3, demonic guardian 3, powered by pain 2, sanguine armour 2
a: Renounce Religion, Potion Petition, Call Merchant, Bribe Branch


You were on level 3 of the Snake Pit.
You worshipped Gozag.
Gozag was most pleased with you.
You visited 6 branches of the dungeon, and saw 28 of its levels.
You visited the Abyss 1 time.
You also visited: Ossuary.

You collected 11338 gold pieces.
You spent 1973 gold pieces at shops.
You paid 6530 gold pieces to Gozag.

Inventory:

Hand Weapons
 b - the +7 glaive "Lach" {venom, *Noise Will+ SInv Stlth+}
   (You acquired it on level 13 of the Dungeon)

   SInv:      It lets you see invisible.
   *Noise:    It may make noises in combat.
   Will:      It increases your willpower.
   Stlth:     It makes you more stealthy.
 E - a +4 spear of venom
 W - a +6 halberd of protection (weapon)
Missiles
 s - 6 javelins (quivered)
Armour
 c - a +0 helmet (worn)
 f - a +2 pair of gloves (worn)
 x - a +0 plate armour (worn)
 z - a +1 cloak (worn)
 R - the +2 pair of boots of a ziggurat {Dex+3}
   (You found it on level 4 of the Lair of Beasts)

   Dex:       It affects your dexterity (+3).
 X - the +0 pair of gloves of Repulsion {rF+ rN++ Str+3 Int-4}
   (You found it on level 12 of the Dungeon)

   Str:       It affects your strength (+3).
   Int:       It affects your intelligence (-4).
   rF:        It protects you from fire.
   rN:        It greatly protects you from negative energy.
Jewellery
 a - a ring of ice
 d - the ring of Ablocrus (left hand) {rPois rF+ SInv}
   (You bought it in a shop on level 1 of the Shoals)

   [ring of poison resistance]

   rF:        It protects you from fire.
   rPois:     It protects you from poison.
   SInv:      It lets you see invisible.
 e - a +4 ring of slaying (right hand)
 j - a +4 ring of protection
 m - an amulet of regeneration (around neck)
 p - a ring of poison resistance
 r - a ring of positive energy
 C - a +6 ring of strength
 G - a ring of magical power
 H - a ring of see invisible
 I - a +6 ring of dexterity
 T - a +5 ring of evasion
Wands
 A - a wand of quicksilver (25)
 D - a wand of digging (23)
 J - a wand of iceblast (14)
 Y - a wand of charming (10)
Scrolls
 i - 9 scrolls of enchant weapon
 k - 9 scrolls of teleportation
 o - 2 scrolls of vulnerability
 w - 3 scrolls of fog
 y - 8 scrolls of immolation
 K - 3 scrolls of torment
 N - 2 scrolls of enchant armour
 Q - a scroll of fear
 U - 3 scrolls of magic mapping
 V - 7 scrolls of identify
Potions
 g - 2 potions of cancellation
 h - 11 potions of curing
 l - 6 potions of attraction
 n - 2 potions of heal wounds
 t - 6 potions of lignification
 u - 4 potions of mutation
 v - 3 potions of brilliance
 B - 2 potions of might
 F - 3 potions of magic
 L - 3 potions of flight
 M - 2 potions of invisibility
 O - a potion of ambrosia
 S - 2 potions of resistance


   Skills:
 + Level 19.8 Fighting
 + Level 19.2 Polearms
 - Level 1.7 Throwing
 + Level 15.9 Armour
 - Level 2.6 Dodging


You had 16 spell levels left.
You didn't know any spells.
Your spell library was empty.

Dungeon Overview and Level Annotations

Branches:
Dungeon (15/15)            Temple (1/1) D:5            Lair (5/5) D:9
 Shoals (1/4) Lair:2        Snake (4/4) Lair:2        Slime (0/5) Lair:5
    Orc (2/2) D:10            Elf (0/3) Orc:2        Vaults (0/5) D:13
 Depths (0/4) D:15        Ossuary (visited)

Altars:
Ashenzari
Cheibriados
Dithmenos
Fedhas
Gozag
Hepliaklqana
Kikubaaqudgha
Makhleb
Nemelex Xobeh
Okawaru
Qazlal
Ru
Sif Muna
Trog
Uskayaw
Vehumet
Wu Jian
Xom
Yredelemnul
Jiyva

Shops:
D:3 *   D:11 (   D:14 (   Orc:1 ([(!   Orc:2 [*(:   Lair:1 *   Lair:4 [
Shoals:1 =   Snake:1 (=

Annotations:
D:5 1 runed translucent door, emiel's ghost, novice FoBe
D:7 2 transporters, zero's ghost, novice GrSu


Innate Abilities, Weirdness & Mutations

You have hooves in place of feet.
A powerful demonic guardian rushes to your aid.
You sometimes gain power by taking damage.
When seriously injured, your blood forms thick armour. (AC +9)


Message History

The nagaraja spits poison at you. The splash of poison misses you.
The nagaraja constricts you.
The naga sharpshooter shoots an arrow.
The arrow hits you but does no damage.
You barely miss the nagaraja. You kick the nagaraja!
You feel very sick.
The nagaraja no longer looks unusually strong.
The nagaraja hits you with a +0 whip!
* * * LOW HITPOINT WARNING * * *
The nagaraja constricts you.
You hit the nagaraja. Your kick misses the nagaraja.
You feel sick. The nagaraja hits you with a +0 whip.
* * * LOW HITPOINT WARNING * * *
The nagaraja constricts you.
The naga sharpshooter shoots an arrow.
The arrow hits you but does no damage.
You impale the nagaraja!!
You kick the nagaraja, but do no damage.
You feel sick.
The nagaraja gestures at you while chanting.
The poison arrow hits you!!
You are more poisoned.
You partially resist.
* * * LOW HITPOINT WARNING * * *
A demonic guardian appears!
The nagaraja constricts you.
The naga sharpshooter gestures wildly while chanting.
The naga sharpshooter magically shoots an arrow.
The arrow hits you but does no damage.
You feel much better.
You feel very sick. The nagaraja hits you with a +0 whip.
* * * LOW HITPOINT WARNING * * *
The nagaraja constricts you.
The nagaraja gestures at you while chanting.
The poison arrow hits you!
You are more poisoned.
You partially resist.
* * * LOW HITPOINT WARNING * * *
The nagaraja constricts you.
The naga sharpshooter shoots an arrow.
The arrow hits you!!
You die...
Your body crumbles into a pile of gold.

#################################
.....................##..........
.............[[..2..>##..........
.....................##..........
...............N@....##..........
................N....##..........
.............).......##..........
..>..................##..........
.....................##..........
..#####################....######
..######################...######
......................##.........
......................##.........


You could see a nagaraja (fast), a naga sharpshooter (strong, ally target) and a
friendly lorocyproca (summoned, invisible).

Vanquished Creatures
  Asterion (Snake:2)
  2 tentacled starspawn (Abyss:2)
  Kirke (Lair:3)
  Donald (Snake:2)
  3 nagarajas
  An orc warlord (Orc:1)
  A very ugly thing (D:12)
  A dire elephant (Lair:5)
  Josephine (Orc:1)
  A spriggan zombie (Abyss:2)
  7 hydras
  2 catoblepae
  A salamander tyrant (Snake:4)
  A vault guard (D:13)
  4 two-headed ogres
  A centaur warrior (D:14)
  11 anacondas
  A death knight (D:14)
  A tengu warrior (D:13)
  3 boulder beetles
  A death yak (Lair:5)
  A deep troll shaman (Lair:5)
  13 naga warriors
  Urug (D:11)
  3 orc high priests
  7 naga sharpshooters
  Sonja (D:11)
  Nergalle (D:11)
  4 shock serpents
  A sixfirhy (Abyss:2)
  Lodul (D:11)
  6 salamander mystics
  3 spectral anacondas (Snake:2)
  4 anaconda zombies (Snake:2)
  6 naga ritualists
  A skeletal warrior (D:14)
  3 orc knights
  4 wizards
  An anaconda skeleton (Snake:2)
  A deep elf pyromancer (D:12)
  11 orc sorcerers
  8 mana vipers
  A necromancer (D:15)
  6 cyclopes
  A manticore (D:15)
  15 salamanders
  A worldbinder (Abyss:2)
  24 ugly things
  13 elephants
  Joseph (D:7)
  2 guardian serpents
  11 naga magi
  2 centaur skeletons (D:15)
  31 black mambas
  5 cane toads
  4 komodo dragons
  2 freezing wraiths (D:14)
  2 kobold demonologists (D:12)
  3 efreet
  5 anaconda simulacra (Snake:2)
  A merfolk (Shoals:1)
  A hellwing (Abyss:2)
  3 trolls (D:13)
  Prince Ribbit (D:7)
  13 dream sheep
  6 blink frogs
  A hornet (D:10)
  2 polar bears
  2 centaur simulacra (D:15)
  12 slime creatures
  A water elemental (D:15)
  48 yaks
  A vampire (D:12)
  9 wraiths
  3 wyverns
  5 basilisks
  2 hogs (Lair:3)
  A golden eye (Abyss:2)
  A chaos spawn (Abyss:2)
  A steam dragon (D:9)
  A warg (Orc:2)
  Menkaure (D:4)
  9 vampire mosquitoes
  43 nagas
  10 water moccasins
  7 black bears
  29 orc warriors
  A sky beast (shapeshifter) (D:15)
  13 ogres
  16 wolves
  13 centaurs
  2 phantoms
  5 bullfrogs
  2 kobold brigands
  3 gnoll sergeants
  4 scorpions
  11 wights
  A hornet simulacrum (D:15)
  8 killer bees
  2 howler monkeys (D:11)
  2 electric eels (D:13)
  3 jellies
  A quasit (Abyss:2)
  12 orc priests
  3 hounds (D:6)
  Crazy Yiuf (D:5)
  4 gnoll boudas
  An iron imp (Abyss:2)
  4 sleepcaps
  Jessica (D:3)
  16 orc wizards
  A starcursed mass (Abyss:2)
  5 iguanas
  7 hell rats (Lair:5)
  8 mummies (Ossuary)
  30 gnolls
  9 adders
  2 white imps (D:7)
  An ufetubus (D:6)
  2 worms
  A dart slug (D:1)
  53 orcs
  9 endoplasms
  A giant cockroach (D:1)
  2 gnoll zombies (Ossuary)
  3 goblins
  6 hobgoblins
  9 jackals
  4 quokkas
  4 ball pythons
  4 bats
  3 frilled lizards
  A hobgoblin zombie (Ossuary)
  17 kobolds
  3 kobold zombies (Ossuary)
  2 orc zombies (Ossuary)
  3 rats
  5 starspawn tentacles (Abyss:2)
794 creatures vanquished.

Vanquished Creatures (collateral kills)
  A tentacled starspawn (Abyss:2)
  Aizul (Snake:2)
  An ice dragon (shapeshifter) (D:15)
  A salamander tyrant (Snake:2)
  A catoblepas (Lair:5)
  3 anacondas (Snake:4)
  A death yak (Lair:5)
  A naga warrior (Snake:3)
  2 thrashing horrors (Abyss:2)
  A naga sharpshooter (Snake:3)
  A salamander mystic (Snake:2)
  2 spectral anacondas (Snake:2)
  A mana viper (Snake:2)
  An ugly thing (D:15)
  2 salamanders (Snake:2)
  An elephant (Lair:3)
  An orc sorcerer (Orc:2)
  3 black mambas
  A smoke demon (Abyss:2)
  A tormentor (Abyss:2)
  A komodo dragon (Lair:1)
  An anaconda simulacrum (Snake:2)
  2 ancient zymes (Abyss:2)
  A troll (D:15)
  A hellwing (Abyss:2)
  A blink frog (Lair:4)
  2 dream sheep (Lair:4)
  A wraith (D:11)
  6 yaks
  A golden eye (Abyss:2)
  2 vampire mosquitoes (D:13)
  2 nagas
  A large abomination (Abyss:2)
  A water moccasin (Lair:3)
  2 orc warriors
  A small abomination (Abyss:2)
  4 starcursed masses (Abyss:2)
  A wight (D:6)
  A killer bee (D:10)
  An electric eel (D:13)
  Terence (D:2)
  3 gnolls
  2 adders
  A shadow imp (D:6)
  A worm (D:3)
  An orc (D:10)
  An endoplasm (D:2)
  A goblin (D:2)
  A hobgoblin (D:2)
  A rat (D:2)
  A starspawn tentacle (Abyss:2)
74 creatures vanquished.

Vanquished Creatures (others)
  A death yak (Lair:5)
  22 fungi
  20 plants
  9 starspawn tentacles (Abyss:2)
52 creatures vanquished.

Grand Total: 920 creatures vanquished

Notes
Turn   | Place    | Note
-------+----------+-------------------------------------------
     0 | D:1      | theswoord the Demonspawn Gladiator began the quest for the
                  | Orb.
     0 | D:1      | Reached XP level 1. HP: 16/16 MP: 1/1
    65 | D:1      | Gained mutation: You have large cloven feet. [demonic
                  | ancestry]
    65 | D:1      | Reached XP level 2. HP: 16/22 MP: 2/2
   529 | D:1      | Gained mutation: A weak demonic guardian rushes to your
                  | aid. [demonic ancestry]
   529 | D:1      | Reached XP level 3. HP: 27/27 MP: 3/3
   840 | D:2      | Noticed Terence
   856 | D:2      | Killed Terence
   857 | D:2      | Gained mutation: You sometimes gain a little power by
                  | taking damage. [demonic ancestry]
   857 | D:2      | Reached XP level 4. HP: 6/33 MP: 4/4
  1047 | D:2      | Found a snail-covered altar of Cheibriados.
  1427 | D:3      | Found a hazy altar of Hepliaklqana.
  1519 | D:3      | Found an iron altar of Okawaru.
  1561 | D:3      | Reached skill level 5 in Polearms
  1569 | D:3      | Gained mutation: A demonic guardian rushes to your aid.
                  | [demonic ancestry]
  1569 | D:3      | Reached XP level 5. HP: 28/38 MP: 5/5
  1749 | D:3      | Found a radiant altar of Vehumet.
  1768 | D:3      | Found a sacrificial altar of Ru.
  1941 | D:3      | Found Liogitoq's Assorted Antiques.
  2075 | D:3      | Noticed Jessica
  2086 | D:3      | Killed Jessica
  2192 | D:4      | Reached XP level 6. HP: 21/44 MP: 6/6
  2239 | D:4      | You fall into a shaft and drop 3 floors!
  2250 | D:5      | Entered Level 5 of the Dungeon
  2250 | D:5      | Found a staircase to the Ecumenical Temple.
  2254 | Temple   | Entered the Ecumenical Temple
  2392 | Temple   | Became a worshipper of Gozag Ym Sagoz the Greedy
  2645 | D:5      | HP: 1/44 [gnoll/+0 halberd[a gnoll bouda] (7)]
  2784 | D:4      | Gained mutation: You have hoof-like feet. [demonic
                  | ancestry]
  2784 | D:4      | Reached XP level 7. HP: 38/50 MP: 7/7
  3121 | D:4      | Noticed Menkaure
  3128 | D:4      | Killed Menkaure
  3845 | D:5      | Found a runed translucent door.
  3846 | D:5      | Noticed Crazy Yiuf
  3953 | D:5      | Found a runed translucent door.
  3956 | D:5      | Noticed emiel's ghost (novice FoBe)
  4035 | D:5      | Reached XP level 8. HP: 55/56 MP: 8/8
  4136 | D:5      | Found a sparkling altar of Nemelex Xobeh.
  4298 | D:5      | Killed Crazy Yiuf
  4557 | D:6      | Reached skill level 10 in Polearms
  4735 | D:6      | Found a blossoming altar of Fedhas.
  4864 | D:6      | Reached XP level 9. HP: 25/61 MP: 9/9
  5538 | D:7      | Identified a scroll of acquirement
  5538 | D:7      | Acquired 749 gold pieces
  5596 | D:7      | Noticed Joseph
  5611 | D:7      | Killed Joseph
  5889 | D:7      | Found a transporter.
  5924 | D:7      | Noticed Prince Ribbit
  5934 | D:7      | Killed Prince Ribbit
  6014 | D:7      | Noticed zero's ghost (novice GrSu)
  6016 | D:7      | Identified the +1 dire flail of Circularity {freeze, rC+}
  6016 | D:7      | Noticed a two-headed ogre
  6021 | D:7      | Found a transporter.
  6190 | D:8      | Noticed a two-headed ogre
  6199 | D:8      | Killed a two-headed ogre
  6200 | D:8      | Reached skill level 1 in Armour
  6200 | D:8      | Gained mutation: When seriously injured, your blood forms
                  | armour. (AC +9) [demonic ancestry]
  6200 | D:8      | Reached XP level 10. HP: 70/70 MP: 10/10
  6469 | D:8      | Found a sand-covered staircase.
  6475 | Ossuary  | Entered an ossuary
  7173 | D:9      | Found a staircase to the Lair.
  7399 | D:9      | Reached skill level 5 in Fighting
  7758 | D:10     | Entered Level 10 of the Dungeon
  7762 | D:10     | Noticed a two-headed ogre
  7780 | D:10     | Killed a two-headed ogre
  7918 | D:10     | Reached skill level 5 in Armour
  7919 | D:10     | Found a staircase to the Orcish Mines.
  8017 | D:10     | Paralysed by a hornet for 2 turns
  8020 | D:10     | Reached XP level 11. HP: 76/81 MP: 11/11
  8166 | D:10     | Noticed a two-headed ogre
  8177 | D:10     | Killed a two-headed ogre
  8310 | Lair:1   | Entered Level 1 of the Lair of Beasts
  9325 | Lair:2   | Noticed a catoblepas
  9363 | Lair:2   | Killed a catoblepas
  9460 | Lair:2   | Found a staircase to the Snake Pit.
  9968 | Lair:2   | Found a staircase to the Shoals.
 10014 | Lair:2   | Noticed a six-headed hydra
 10024 | Lair:2   | Killed a six-headed hydra
 10025 | Lair:2   | Gained mutation: A powerful demonic guardian rushes to your
                  | aid. [demonic ancestry]
 10025 | Lair:2   | Reached XP level 12. HP: 90/96 MP: 12/12
 10506 | Lair:3   | Identified the +2 robe of Duck's Teeth {rCorr}
 10742 | Lair:3   | Noticed a five-headed hydra
 10751 | Lair:3   | Killed a five-headed hydra
 10842 | Lair:3   | Reached skill level 10 in Fighting
 11052 | Lair:3   | Noticed Kirke
 11090 | Lair:3   | Killed Kirke
 11655 | Lair:4   | Noticed a seven-headed hydra
 11669 | Lair:4   | Killed a seven-headed hydra
 11814 | Lair:4   | Reached skill level 10 in Armour
 11976 | Lair:4   | Identified the +2 pair of boots of a ziggurat {Dex+3}
 12008 | Lair:4   | Reached XP level 13. HP: 101/106 MP: 13/13
 12788 | Lair:5   | Entered Level 5 of the Lair of Beasts
 12801 | Lair:5   | Reached skill level 15 in Polearms
 13217 | Lair:5   | Found a staircase to the Slime Pits.
 13217 | Lair:5   | Found a viscous altar of Jiyva.
 14029 | Lair:5   | Noticed a dire elephant
 14030 | Lair:5   | Found the +9 sword of Power {lifebolt}
 14065 | Lair:5   | Killed a dire elephant
 14431 | D:11     | Noticed Sonja
 14442 | Abyss:2  | Found a corrupted altar of Lugonu.
 14442 | Abyss:2  | Cast into level 2 of the Abyss (Sonja)
 14565 | Abyss:2  | Noticed a starcursed mass
 14605 | Abyss:2  | Found a corrupted altar of Lugonu.
 14659 | Abyss:2  | Noticed a tentacled starspawn
 14703 | Abyss:2  | Killed a tentacled starspawn
 14787 | Abyss:2  | Noticed a tentacled starspawn
 14794 | Abyss:2  | Killed a tentacled starspawn
 14819 | Abyss:2  | Noticed an eidolon
 14831 | Abyss:2  | Noticed a starcursed mass
 14973 | Abyss:2  | Noticed a tentacled starspawn
 15021 | Abyss:2  | Killed a tentacled starspawn
 15022 | Abyss:2  | Reached XP level 14. HP: 34/119 MP: 14/14
 15153 | D:11     | Escaped the Abyss
 15158 | D:11     | Killed Sonja
 15473 | D:11     | Found a radiant altar of Vehumet.
 15654 | D:11     | Noticed Urug
 15656 | D:11     | Noticed Nergalle
 15679 | D:11     | Killed Nergalle
 15684 | D:11     | Killed Urug
 15820 | D:11     | Noticed Lodul
 15829 | D:11     | Killed Lodul
 16516 | D:12     | Reached skill level 15 in Fighting
 17023 | D:12     | Identified the +0 pair of gloves of Repulsion {rF+ rN++
                  | Str+3 Int-4}
 17072 | D:12     | Noticed a red very ugly thing
 17209 | D:12     | Killed a red very ugly thing
 17253 | D:12     | Found the +3 giant club "Skullcrusher" {speed, Str+7}
 17379 | D:13     | Acquired the +7 glaive "Lach" {venom, *Noise Will+ SInv
                  | Stlth+}
 17638 | D:13     | Identified the +7 flail "Xudol" {freeze, rN+}
 18007 | D:13     | Found a hide-covered altar of Uskayaw.
 18025 | D:13     | Found a gate to the Vaults.
 18945 | D:14     | Gained mutation: When seriously injured, your blood forms
                  | thick armour. (AC +9) [demonic ancestry]
 18945 | D:14     | Reached XP level 15. HP: 125/133 MP: 15/15
 19146 | D:15     | Entered Level 15 of the Dungeon
 20237 | D:15     | Found a staircase to the Depths.
 20333 | Orc:1    | Entered Level 1 of the Orcish Mines
 20333 | Orc:1    | Noticed Josephine
 20343 | Orc:1    | Killed Josephine
 20505 | Orc:1    | Found Wimesch's Weapon Shop.
 20598 | Orc:1    | Found Diakkeir's Armour Boutique.
 20625 | Orc:1    | Found Eschoyw's Weapon Shop.
 20921 | Orc:1    | Found Xoot's Distillery.
 20938 | Orc:2    | Entered Level 2 of the Orcish Mines
 21229 | Orc:2    | Paralysed by an orc sorcerer for 3 turns
 21369 | Orc:2    | Upgraded the game from 0.30-a0-924-g0ad0bf95bc to
                  | 0.30-a0-930-gb9d0489357
 21639 | Orc:2    | Found Lutzadin's Antique Armour Shop.
 21686 | Orc:2    | Found Ylaer's General Store.
 21699 | Orc:2    | Found Ubbaloar's Book Boutique.
 21776 | Orc:2    | Found a staircase to the Elven Halls.
 21779 | Orc:2    | Found Riupn's Antique Weapon Boutique.
 22145 | Shoals:1 | Entered Level 1 of the Shoals
 22159 | Shoals:1 | Bought the ring of Ablocrus {rPois rF+ SInv} for 725 gold
                  | pieces
 22184 | Snake:1  | Entered Level 1 of the Snake Pit
 22688 | Snake:1  | Found Byeppah's Weapon Shop.
 23007 | Snake:1  | Gained mutation: You sometimes gain power by taking damage.
                  | [demonic ancestry]
 23007 | Snake:1  | Reached XP level 16. HP: 110/144 MP: 16/16
 24545 | Snake:2  | Noticed Donald
 24581 | Snake:2  | Killed Donald
 24995 | Snake:2  | Identified the ring "Vyk Fuypek" {rPois Str+6 Int+2}
 25022 | Snake:2  | Reached skill level 15 in Armour
 25398 | Snake:2  | Noticed Asterion
 25399 | Snake:2  | Noticed an Executioner
 25598 | Snake:1  | Bought a +4 ring of slaying for 1248 gold pieces
 25625 | Snake:2  | Killed Asterion
 25626 | Snake:2  | Noticed Aizul
 25718 | Snake:2  | Killed Aizul
 27190 | Snake:3  | Found a shimmering altar of Xom.
 27401 | Snake:4  | Entered Level 4 of the Snake Pit
 27456 | Snake:4  | Gained mutation: You have hooves in place of feet. [demonic
                  | ancestry]
 27456 | Snake:4  | Reached XP level 17. HP: 143/153 MP: 17/17
 28570 | Snake:3  | Shot with an arrow by a naga sharpshooter

Skill      XL: |  1  2  3  4  5  6  7  8  9 10 11 12 13 14 15 16 17 |
---------------+----------------------------------------------------+-----
Polearms       | 3 4 5 6 7 8 11 13 14 15 16 17 18 19 | 19.2
Fighting       | 3 6 9 11 13 16 18 19 | 19.8
Armour         | 1 5 8 10 11 13 14 15 | 15.9
Throwing       | |  1.7
Dodging        | |  2.6

Action                     |  1- 3 |  4- 6 |  7- 9 | 10-12 | 13-15 | 16-18 || total
---------------------------+-------+-------+-------+-------+-------+-------++-------
  Melee: Trident           |   106 |   172 |   139 |       |       |       ||   417
         Kick              |    10 |    42 |    83 |   292 |       |    42 ||   469
         Punch             |     1 |     3 |     4 |    16 |    14 |       ||    38
         Halberd           |       |       |    75 |    48 |   441 |   800 ||  1364
         Spear             |       |       |   138 |   804 |   784 |       ||  1726
         Glaive            |       |       |       |       |   664 |    34 ||   698
  Throw: Throwing net      |     2 |       |     1 |       |     5 |     2 ||    10
         Javelin           |       |       |       |       |       |     6 ||     6
 Invoke: Call Merchant     |       |       |       |     1 |     4 |     1 ||     6
         Potion Petition   |       |       |       |       |     1 |       ||     1
  Evoke: Wand              |       |       |       |       |       |     2 ||     2
    Use: Scroll            |     3 |     7 |     4 |    13 |     9 |     2 ||    38
         Potion            |       |     1 |       |     4 |     8 |     6 ||    19
   Stab: Sleeping          |     2 |       |       |       |       |       ||     2
         Distracted        |       |     1 |     6 |       |    15 |    11 ||    33
         Held in net/web   |       |       |     1 |       |       |       ||     1
         Petrified         |       |       |       |       |    10 |       ||    10
         Petrifying        |       |       |       |       |     2 |       ||     2
 Armour: Leather armour    |    11 |       |       |       |       |       ||    11
         Chain mail        |    46 |    78 |    26 |       |       |       ||   150
         Plate armour      |       |       |   108 |   331 |   889 |   535 ||  1863
  Dodge: Dodged            |    63 |    64 |    69 |   173 |   578 |   232 ||  1179

Levels and vault maps discovered:
D:1:      lightli_molten_gateway, layout_loops_cross
D:2:      layout_loops_ring, basic_altar, uniq_terence
D:3:      layout_loops_ring, overflow_temple_1_default, okawaru_metal_pillars_3,
          mainiacjoe_overflow_catwalk_spiral, serial_shops, shop_fountains,
          kennysheep_jessica_study
D:4:      layout_basic, uniq_menkaure
D:5:      nicolae_cairo_tiling, layout_cave_pools, nemelex_dance_club_becter,
          ebering_ghost_reflecting_pool, uniq_crazy_yiuf_cottage
D:6:      layout_layer_cave, mainiacjoe_overflow_paths,
          mainiacjoe_overflow_24_doors
D:7:      layout_basic, gammafunk_ghost_smash, hangedman_decor_growths,
          uniq_prince_ribbit1, uniq_joseph
D:8:      layout_rooms, zin_statuary, enter_ossuary_3, serial_glass,
          glass_columns_a, glass_columns_a
D:9:      layout_basic, lair_entry_dummy
D:10:     layout_rooms, mainiacjoe_overflow_boulevard, orc_0_dummy
D:11:     layout_stronghold, nicolae_vehumet_altar_sigil, uniq_urug, uniq_lodul,
          uniq_sonja, uniq_nergalle
D:12:     cheibrodos_breeding_chamber, layout_rooms
D:13:     layout_basic, david_vaults_5, dreamdust_mushroom_princess, drop_trap,
          dancing_weapons_uskayaw
D:14:     layout_loops_ring, small_statue_alley_a
D:15:     grunt_enter_depths_magical_seal, layout_basic, moated_statue,
          hangedman_decor_lopped
Temple:   oiseaux_autumnal_temple
Lair:1:   layout_hall_layers
Lair:2:   layout_regular_city, elwin_shoals_entry_rocks,
          minmay_snake_entry_guardpost_small, gauntlet_entry_generic,
          lemuel_fruit_tree
Lair:3:   layout_cave_pods, infiniplex_staircase_pool, serial_bayou_shore_b,
          grunt_megastairs_4, uniq_kirke
Lair:4:   layout_roguey, grunt_megastairs_1
Lair:5:   grunt_lair_end_beastmaster, layout_regular_city, slime_entry_1,
          minivault_24
Shoals:1: layout_shoals, nicolae_shoals_c_island
Snake:1:  layout_layer_cave, minmay_shop_star
Snake:2:  layout_honeycomb, nicolae_snake_dead_anacondas, uniq_aizul,
          uniq_donald, uniq_asterion
Snake:3:  layout_grid_maze, lemuel_altar_in_water2
Snake:4:  snake_pit, layout_basic
Orc:1:    layout_caves, serial_shops, nicolae_square_shop, nicolae_shop_stone,
          nicolae_shop_hallway_stairs, nicolae_shop_behind_doors, uniq_josephine
Orc:2:    grunt_orc_gardens, layout_caves, grunt_orc_garden, grunt_orc_garden,
          grunt_orc_garden, grunt_orc_garden
